 Zot Defence DCSS version 0.14.2 (webtiles) character file.

144 ponk the Ruffian (level 5, -3/2 (50) HPs)
             Began as a Troll Monk on Jan 15, 2017.
             Killed by nerve-wracking pain
             ... invoked by Jessica
              (5 damage)
             ... in the Realm of Zot (Scenario I: Hall of Zot).
             The game lasted 00:03:28 (546 turns).

ponk the Ruffian (Troll Monk)                        Turns: 546, Time: 00:03:28

HP  -3/2 (50)    AC  5     Str 19      XL: 5   Next:  5%
MP   2/2         EV 10     Int  6      God:
Gold 0           SH  0     Dex 13      Spells:  0 memorised,  4 levels left

rFire  . . .     SeeInvis .       - Unarmed
rCold  . . .     Clarity  .     a - +0 robe
rNeg   . . .     Conserve .     (shield restricted)
rPois  .         rCorr    .     (helmet restricted)
rElec  .         rRot     .     (no cloak)
SustAb . .       Spirit   .     (gloves unavailable)
rMut   .         Warding  .     (boots unavailable)
Gourm  +         Stasis   .     (no amulet)
MR     .....                    (no ring)
                                (no ring)

@: not resistant to hostile enchantments, unstealthy
A: unfitting armour, claws 3, fast metabolism 3, gourmand, regeneration 2,
saprovore 2, shaggy fur 1, tough skin 2
a: Make dart trap, Make oklob sapling, Make arrow trap, Make plant, Remove
Curse, Make burning bush


You were in the Realm of Zot.
You were not hungry.

You visited 1 branch

Inventory:

Hand weapons
 k - a +0,+0 dagger
Armour
 a - a +0 robe (worn)
Comestibles
 c - 2 meat rations
 i - a rotting chunk of goblin flesh
 l - a rotting chunk of rat flesh
 m - 2 chunks of rat flesh
 n - a chunk of rat flesh
Scrolls
 h - a scroll of blinking
Potions
 b - 3 potions of curing
 d - a potion of heal wounds
 e - a potion of haste
 f - 2 potions of magic
 g - a potion of berserk rage
Carrion
 j - a rotting goblin corpse


   Skills:
 - Level 2.6 Fighting
 - Level 0.1 Short Blades
 - Level 2.6 Dodging
 - Level 1.1 Stealth
 + Level 6.0 Unarmed Combat


You had 4 spell levels left.
You didn't know any spells.

Dungeon Overview and Level Annotations

Branches:
    Zot (1/1)

Altars:

Annotations:
Zot Jessica


Innate Abilities, Weirdness & Mutations

You are too large for most types of armour.
You have claws for hands.
Your metabolism is lightning-fast.
You like to eat raw meat.
You heal very quickly.
You can eat rotten meat.
You are covered in fur (AC +1).
You have very tough skin (AC +2).


Message History

You kill the bat!
Your flesh rots away as the Orb of Zot is desecrated. x5
You closely miss the ball python.
Your flesh rots away as the Orb of Zot is desecrated. x2
The giant newt closely misses you.
Your flesh rots away as the Orb of Zot is desecrated.
Jessica gestures wildly while chanting.
Jessica blinks!
Your flesh rots away as the Orb of Zot is desecrated.
Your flesh rots away as the Orb of Zot is desecrated.
You hit the ball python.
You kill the ball python!
You hit the giant newt.
You kill the giant newt!
Things that are here:
a kobold skeleton; a dart; a dagger; a chunk of kobold flesh Jessica gestures at you while chanting.
Pain shoots through your body!
Ouch! That really hurt!
You die...

############ ###### .......####
####. ..........### ###....
.........%..## ##......
.........%...# ▓▓▓▓▓▓▓▓▓ #.......
.............▓▓▓.......▓▓▓.......
............)▓▓.........▓▓.......
............)▓..)........▓.......
.............@%%@%%%.............
.............▓.....%.....▓.......
.............▓▓.........▓▓.......
.............▓▓▓.......▓▓▓.......
.............▓ ▓▓▓▓▓▓▓▓▓ ▓.......
............▓▓ ▓▓......
..........▓▓▓ ▓▓▓.... .......▓▓▓▓
▓▓▓▓. ▓▓▓▓▓▓▓▓▓▓▓ ▓▓▓▓▓


You could see Jessica.

Vanquished Creatures
  A gnoll (Zot)
  A shadow imp (Zot)
  7 oozes (Zot)
  4 ball pythons (Zot)
  2 bat zombies (Zot)
  6 goblins (Zot)
  7 kobolds (Zot)
  A ball python zombie (Zot)
  5 bats (Zot)
  2 giant cockroaches (Zot)
  3 giant newts (Zot)
  A goblin zombie (Zot)
  2 kobold zombies (Zot)
  7 rats (Zot)
  A rat zombie (Zot)
50 creatures vanquished.

Notes
Turn   | Place    | Note
--------------------------------------------------------------
     0 | Zot      | ponk, the Troll Monk, began the quest for the Orb.
     0 | Zot      | Reached XP level 1. HP: 22/22 MP: 1/1
   213 | Zot      | Reached XP level 2. HP: 29/29 MP: 1/1
   250 | Zot      | Reached XP level 3. HP: 34/36 MP: 2/2
   264 | Zot      | Reached skill level 5 in Unarmed Combat
   299 | Zot      | Reached XP level 4. HP: 44/44 MP: 2/2
   524 | Zot      | Reached skill level 6 in Unarmed Combat
   528 | Zot      | Reached XP level 5. HP: 40/42 MP: 2/2
   541 | Zot      | Noticed Jessica
   546 | Zot      | Killed from afar by Jessica

Action                   |  1- 3 |  4- 6 || total
-------------------------+-------+-------++-------
Melee: Unarmed           |    35 |    48 ||    83
       Short sword       |    31 |       ||    31
